[Event "Titled Tuesday Blitz May 30 Late 2023"]
[White "Petrovic, Aleksa"]
[Black "Osmonbekov, Talaibek"]
[WhiteFideId "967629"]
[BlackFideId "2017253"]
[WhiteElo "2309"]
[BlackElo "2135"]
[Result "0-1"]
[Round "05"]
[TimeControl "180+2"]
[Date "2023.05.31"]
[WhiteClock "0:00:46"]
[BlackClock "0:00:54"]

1. e4 c5 2. Nf3 d6 3. Bb5+ Nd7 4. O-O e5 5. c3 Nf6 6. d4 Qc7 7. Re1 Be7 8. Nbd2 O-O 9. Nf1 a6 10. Ba4 b5 11. Bc2 cxd4 12. cxd4 Bb7 13. Ng3 Rac8 14. Bd3 exd4 15. Nf5 Nc5 16. N3xd4 Rfe8 17. Nxe7+ Rxe7 18. Nf5 Re6 19. Bg5 Nxd3 20. Bxf6 Nxe1 21. Qg4 g6 22. Qg5 Rxf6 23. Qxf6 gxf5 24. Rxe1 Qc1 25. Rf1 Bxe4 26. Qxd6 Qc6 27. Qg3+ Qg6 0-1


[Site "https://www.chess.com"]

[Event "Titled Tuesday Blitz May 30 Late 2023"]
[White "Clawitter, Craig"]
[Black "Mickiewicz, Piotr"]
[WhiteFideId "2023105"]
[BlackFideId "1114891"]
[WhiteElo "2216"]
[BlackElo "2246"]
[Result "0-1"]
[Round "05"]
[TimeControl "180+2"]
[Date "2023.05.31"]
[WhiteClock "0:00:01"]
[BlackClock "0:00:07"]

1. e4 c6 2. d4 d5 3. e5 Bf5 4. Nf3 e6 5. Be2 Ne7 6. Nbd2 h6 7. Nb3 Nd7 8. O-O a5 9. a4 b6 10. Be3 g5 11. Ne1 Bg6 12. Bd3 Nf5 13. Qe2 h5 14. f4 g4 15. c3 Be7 16. Nc2 Nf8 17. Bxf5 Bxf5 18. Bf2 h4 19. Ne3 Rg8 20. Be1 Qd7 21. c4 dxc4 22. Qxc4 Be4 23. Rc1 Rd8 24. Bc3 b5 25. Qe2 b4 26. Be1 h3 27. g3 Bf3 28. Rxf3 gxf3 29. Qxf3 Rc8 30. Bf2 Ng6 31. Nxa5 Nh4 32. Qh1 Ng2 33. Nxg2 hxg2 34. Qxg2 c5 35. Qb7 Qxb7 36. Nxb7 c4 37. a5 f5 38. a6 Kd7 39. a7 Rc7 40. Nc5+ Bxc5 41. dxc5 Kc6 42. Rxc4 Rb7 43. Rd4 Ra8 44. Rd6+ Kb5 0-1


[Site "https://www.chess.com"]

[Event "Titled Tuesday Blitz May 30 Late 2023"]
[White "Brown, Raehanna"]
[Black "sebastianmarinp"]
[WhiteFideId "7402740"]
[WhiteElo "1655"]
[BlackElo "2401"]
[Result "1-0"]
[Round "05"]
[TimeControl "180+2"]
[Date "2023.05.31"]
[WhiteClock "0:00:45"]
[BlackClock "0:00:10"]

1. d4 Nf6 2. c4 e6 3. Nc3 Bb4 4. Nf3 b6 5. Bd2 Bb7 6. e3 O-O 7. Bd3 c5 8. O-O cxd4 9. exd4 d5 10. a3 Be7 11. Be3 Nbd7 12. Ne5 dxc4 13. Bxc4 Rc8 14. Bd3 Bd6 15. Bf4 Bb8 16. Bg3 Nd5 17. Qh5 N7f6 18. Qf3 Qe7 19. Ne4 Nxe4 20. Qxe4 Nf6 21. Qh4 Rfe8 22. Ng4 Ne4 23. Qxe7 Rxe7 24. Bxe4 Bxe4 25. Rac1 Ree8 26. Ne5 f6 27. Nc4 Bxg3 28. hxg3 Bd3 29. Nd6 Bxf1 30. Nxc8 Bd3 31. Nxa7 Ra8 32. Rc8+ Rxc8 33. Nxc8 b5 34. f3 Kf7 35. Kf2 Ke8 36. Ke3 Bf1 37. Kf2 Bc4 38. Nd6+ Kd7 39. Nxc4 bxc4 40. Ke3 Kc6 41. Kd2 Kd5 42. Kc3 e5 43. dxe5 fxe5 44. a4 Kc5 45. a5 Kb5 46. a6 Kxa6 47. Kxc4 Kb6 48. Kd5 Kb5 49. Kxe5 Kb4 50. Ke6 Kb3 51. Kf7 Kxb2 52. Kxg7 Kc3 53. Kxh7 1-0


[Site "https://www.chess.com"]

[Event "Titled Tuesday Blitz May 30 Late 2023"]
[White "Ansh M Shah"]
[Black "Gardezi, Arsal"]
[WhiteFideId "25033379"]
[BlackFideId "30949521"]
[WhiteElo "2084"]
[BlackElo "1906"]
[Result "1-0"]
[Round "05"]
[TimeControl "180+2"]
[Date "2023.05.31"]
[WhiteClock "0:00:29"]
[BlackClock "0:01:08"]

1. d4 d5 2. c4 e6 3. g3 Nf6 4. Bg2 Be7 5. Nf3 c6 6. O-O Nbd7 7. Nbd2 O-O 8. Qc2 Re8 9. e4 dxe4 10. Nxe4 Nxe4 11. Qxe4 Nf6 12. Qe2 Bd6 13. Rd1 Qc7 14. Bg5 Nd7 15. Qd2 Be7 16. Bxe7 Rxe7 17. Rac1 Nf6 18. Ne5 Qb6 19. c5 Qc7 20. Nc4 b5 21. cxb6 axb6 22. Ne5 Rxa2 23. Nxc6 Re8 24. Nb4 Qa7 25. Nxa2 Qxa2 26. Qc3 h6 27. Qa3 Qxa3 28. bxa3 Ba6 29. Rc6 Bb7 30. Rxb6 Bxg2 31. Kxg2 Nd5 32. Rb7 Ra8 33. Ra1 Ra4 34. Rb3 Kf8 35. Rc1 Rxd4 36. Rc8+ Ke7 37. Rb7+ Kf6 38. Rf8 Ne7 39. Ra7 Rd2 40. a4 Ra2 41. a5 Nc6 42. Rfxf7+ Ke5 43. Rac7 Nxa5 44. Ra7 Ra3 45. Rxg7 1-0


[Site "https://www.chess.com"]

[Event "Titled Tuesday Blitz May 30 Late 2023"]
[White "ThaBarWa"]
[Black "zano2023"]
[WhiteElo "2395"]
[BlackElo "2182"]
[Result "0-1"]
[Round "05"]
[TimeControl "180+2"]
[Date "2023.05.31"]
[WhiteClock "0:00:31"]
[BlackClock "0:01:03"]

1. d4 e5 2. dxe5 d6 3. exd6 Bxd6 4. Nf3 Bg4 5. e3 Nf6 6. h3 Bh5 7. Be2 Nc6 8. O-O Qe7 9. c4 O-O-O 10. Nbd2 Kb8 11. Qa4 Ne5 12. Re1 g5 13. Nd4 Bg6 14. Nb5 a6 15. Nxd6 Qxd6 16. Nf3 Ne4 17. Qa3 Qf6 18. Nxe5 Qxf2+ 19. Kh2 Qg3+ 20. Kg1 Qxe1+ 21. Bf1 Qf2+ 22. Kh2 Qg3+ 23. Kg1 Qxe5 0-1


[Site "https://www.chess.com"]

[Event "Titled Tuesday Blitz May 30 Late 2023"]
[White "ritanovikova"]
[Black "Carrasco Miranda, Andres"]
[BlackFideId "3405990"]
[WhiteElo "2175"]
[BlackElo "2183"]
[Result "0-1"]
[Round "05"]
[TimeControl "180+2"]
[Date "2023.05.31"]
[WhiteClock "0:00:16"]
[BlackClock "0:00:09"]

1. e4 e5 2. Nf3 Nc6 3. Bc4 Bc5 4. c3 Nf6 5. d4 exd4 6. cxd4 Bb4+ 7. Bd2 Bxd2+ 8. Nbxd2 d5 9. exd5 Nxd5 10. O-O O-O 11. Rc1 Be6 12. Ne4 Nf4 13. Bxe6 fxe6 14. g3 Qd5 15. Nc3 Nh3+ 16. Kg2 Qf5 17. Nh4 Nxf2 18. Qe2 Qh3+ 19. Kg1 Nxd4 20. Qe3 Ng4 21. Qd2 Rad8 22. Qg2 Rxf1+ 23. Rxf1 Qxg2+ 24. Kxg2 Ne3+ 25. Kg1 Nxf1 26. Kxf1 Nf5 27. Nf3 c6 28. Ne4 h6 29. Nc5 Rd1+ 30. Ke2 Rd6 31. Nxb7 Rd5 32. b4 Nd4+ 33. Nxd4 Rxd4 34. a3 e5 35. Nc5 Kf7 36. Nd3 Rxd3 37. Kxd3 Ke6 38. Ke4 g6 39. a4 a6 40. g4 h5 41. g5 Kd6 42. Kd3 Kd5 43. h4 e4+ 44. Ke3 Ke5 45. a5 Kd5 46. Kf4 Kd4 47. b5 cxb5 48. Kg3 Kd3 49. Kh2 e3 50. Kh3 e2 51. Kg3 e1=Q+ 52. Kf4 Qe4+ 53. Kg3 Qg4+ 54. Kf2 Qxh4+ 55. Kf3 Qxg5 56. Kf2 Qe3+ 57. Kg2 Qe4+ 58. Kh3 b4 59. Kh2 b3 60. Kh3 b2 61. Kh2 b1=Q 62. Kg3 Qg1+ 63. Kh3 Qeg4# 0-1


[Site "https://www.chess.com"]

[Event "Titled Tuesday Blitz May 30 Late 2023"]
[White "rionelG"]
[Black "Urbina Perez, Juan Antonio"]
[BlackFideId "2217368"]
[WhiteElo "2171"]
[BlackElo "2197"]
[Result "1-0"]
[Round "05"]
[TimeControl "180+2"]
[Date "2023.05.31"]
[WhiteClock "0:00:12"]
[BlackClock "0:00:29"]

1. e4 e6 2. d3 d5 3. Nd2 Nf6 4. g3 dxe4 5. dxe4 b6 6. Bg2 Ba6 7. e5 Nd5 8. c4 Nb4 9. Bxa8 Nd3+ 10. Kf1 c6 11. Qa4 Qc7 12. Ngf3 Bc5 13. Ne4 Be7 14. Qb3 Nxe5 15. Bf4 f6 16. Bxe5 fxe5 17. Kg2 O-O 18. Rhe1 Nd7 19. c5 Rxa8 20. Qxe6+ Kf8 21. Nfg5 Ke8 22. Rad1 bxc5 23. Qf7+ Kd8 24. Ne6+ Kc8 25. Nxc7 Kxc7 26. Qxe7 Bc8 27. Nxc5 Rb8 28. Nxd7 Bxd7 29. Rxd7+ Kb6 30. Qxe5 Rf8 31. b4 g5 32. Qa5# 1-0


[Site "https://www.chess.com"]

[Event "Titled Tuesday Blitz May 30 Late 2023"]
[White "Gerbelli Neto, Eduardo"]
[Black "Curtis, John"]
[WhiteFideId "2103281"]
[BlackFideId "3200256"]
[WhiteElo "2178"]
[BlackElo "2203"]
[Result "0-1"]
[Round "05"]
[TimeControl "180+2"]
[Date "2023.05.31"]
[WhiteClock "0:00:01"]
[BlackClock "0:00:15"]

1. e4 Nf6 2. Nc3 e6 3. d4 d5 4. e5 Nfd7 5. Nf3 c5 6. dxc5 Nxc5 7. Be2 b6 8. O-O Ba6 9. Nb5 Qd7 10. a4 Nxa4 11. Nd6+ Bxd6 12. Bxa6 Nxa6 13. exd6 N4c5 14. Bf4 f6 15. Re1 O-O 16. c3 Nb8 17. Bg3 Ne4 18. Nd4 Re8 19. c4 Nc6 20. Nb5 Nxg3 21. hxg3 Na5 22. Nc7 Nxc4 23. Nxe8 Rxe8 24. Qd4 Nxd6 25. Rac1 Nf5 26. Qd3 h5 27. Rc2 Qf7 28. Rec1 Re7 29. Rc8+ Kh7 30. f3 Qg6 31. g4 hxg4 32. Kf2 g3+ 33. Ke2 Qh6 34. f4 Qxf4 35. Rh1+ Kg6 0-1


[Site "https://www.chess.com"]

[Event "Titled Tuesday Blitz May 30 Late 2023"]
[White "Delorme, Alban"]
[Black "Zenin, Dmitry"]
[WhiteFideId "623636"]
[BlackFideId "4127897"]
[WhiteElo "2196"]
[BlackElo "2215"]
[Result "1/2-1/2"]
[Round "05"]
[TimeControl "180+2"]
[Date "2023.05.31"]
[WhiteClock "0:00:05"]
[BlackClock "0:00:03"]

1. e4 e5 2. Nf3 Nc6 3. Bc4 Bc5 4. c3 Nf6 5. d4 exd4 6. b4 Bb6 7. e5 d5 8. exf6 dxc4 9. Qe2+ Be6 10. b5 Na5 11. fxg7 Rg8 12. Bh6 Qf6 13. Qd2 dxc3 14. Nxc3 Rd8 15. Bg5 Rxd2 16. Bxf6 Rd3 17. Rd1 c6 18. Rxd3 cxd3 19. bxc6 Nxc6 20. Ne4 Bd5 21. Nfg5 h6 22. Bb2 Bd8 23. Bf6 hxg5 24. Bxd8 Bxe4 25. Bf6 Kd7 26. h4 Ke6 27. hxg5 Ne7 28. Rh8 b5 29. f3 Bd5 30. Bxe7 Rxg7 31. Bf6 Rg6 32. Re8+ Kd7 33. Rd8+ Kc6 34. Kd2 Bxa2 35. Kxd3 a5 36. f4 a4 37. f5 Bb1+ 38. Kd4 Bxf5 39. Ra8 Be6 40. Ra6+ Kb7 41. Rd6 Rg8 42. Kc5 Rc8+ 43. Kxb5 a3 44. Rb6+ Kc7 45. Be5+ Kd7 46. Rb7+ Ke8 47. Ra7 a2 48. g6 fxg6 49. Rh7 Rc2 50. Bf6 Bf7 51. Rh8+ Kd7 52. Kb4 Ke6 53. Bc3 Rxc3 54. Ra8 Rc2 55. Kb3 Ke5+ 56. Kxc2 Bd5 57. Ra5 Kd4 58. Kd2 Bxg2 59. Rxa2 Be4 60. Ra4+ Ke5 61. Ke3 Bf5 62. Ra5+ Ke6 63. Kf4 Kd6 64. Ra6+ Kd5 65. Rf6 Kd4 66. Rf8 Kd5 67. Re8 Kd6 68. Re5 Kc6 69. Ke3 Kd6 70. Kd4 Bc2 71. Rg5 Bf5 72. Rg1 Ke6 73. Ra1 Kf6 74. Ra6+ Kg5 75. Ke5 Kg4 76. Ra3 Bc2 77. Rc3 Bb1 78. Rc1 Bd3 79. Rd1 Bf5 80. Rg1+ Kf3 81. Rf1+ Ke3 82. Rf4 Bd3 83. Rg4 Bf5 84. Rg3+ Kd2 85. Kd4 Kc2 86. Kc4 Kd2 87. Kd4 Kc2 88. Rg2+ Kb3 89. Rg3+ Kc2 1/2-1/2


[Site "https://www.chess.com"]

[Event "Titled Tuesday Blitz May 30 Late 2023"]
[White "Oliveira, Tiago Batista"]
[Black "Szente Varga, Fruzsina"]
[WhiteFideId "2108291"]
[BlackFideId "712264"]
[WhiteElo "1962"]
[BlackElo "1994"]
[Result "0-1"]
[Round "05"]
[TimeControl "180+2"]
[Date "2023.05.31"]
[WhiteClock "0:00:09"]
[BlackClock "0:01:21"]

1. d4 Nf6 2. c4 g6 3. Nc3 Bg7 4. e4 d6 5. Nf3 O-O 6. Be2 e5 7. Be3 Nc6 8. d5 Ne7 9. Nd2 Ng4 10. Bxg4 f5 11. exf5 gxf5 12. Bf3 f4 13. Bxa7 Rxa7 14. Nde4 Nf5 15. Ne2 Nh4 16. Ng1 Nf5 17. Ne2 Bd7 18. b4 Qa8 19. Qb3 Ra3 20. Qc2 Nh4 21. Ng1 Bf5 22. Qe2 Nxf3+ 23. gxf3 Kh8 24. h4 Qa4 25. Nh3 Qxb4+ 26. Kf1 Bxe4 27. Qxe4 Rc3 28. Kg2 Qxc4 29. Qe1 e4 30. Ng5 exf3+ 31. Nxf3 Qxd5 32. Rh3 Rg8 33. Qe7 Bf6+ 0-1


[Site "https://www.chess.com"]

[Event "Titled Tuesday Blitz May 30 Late 2023"]
[White "Celestino, Rafael Teixeira"]
[Black "Winkels, Marcel"]
[WhiteFideId "2108925"]
[BlackFideId "1003887"]
[WhiteElo "2352"]
[BlackElo "1900"]
[Result "0-1"]
[Round "05"]
[TimeControl "180+2"]
[Date "2023.05.31"]
[WhiteClock "0:00:19"]
[BlackClock "0:00:40"]

1. e4 c5 2. Nf3 d6 3. d4 cxd4 4. Nxd4 Nf6 5. Nc3 a6 6. Bg5 e6 7. Be2 Be7 8. O-O Qc7 9. Qd2 Nbd7 10. Rad1 O-O 11. Rfe1 b5 12. a3 Bb7 13. Bf3 Ne5 14. b3 Rac8 15. Bxf6 Bxf6 16. Nce2 Nxf3+ 17. Nxf3 d5 18. exd5 Bxd5 19. Nfd4 Qb7 20. Nf4 Rfd8 21. Nxd5 Rxd5 22. c3 Rcd8 23. Qe2 Qd7 24. Rd2 e5 25. c4 Rxd4 26. Rxd4 Qxd4 27. cxb5 axb5 28. Qxb5 e4 29. g4 Qd3 30. Qa5 Bc3 31. Qg5 Bxe1 32. h4 h6 33. Qf5 e3 34. f3 Bf2+ 35. Kg2 Qxf5 36. gxf5 Rd3 37. b4 Rxa3 38. b5 Rb3 39. f6 Rxb5 40. fxg7 Kxg7 41. f4 Kf6 42. Kf3 Kf5 43. h5 Rb4 44. Ke2 Rxf4 45. Kf1 Rh4 46. Ke2 Rxh5 47. Kf1 Kf4 48. Ke2 Rh2 49. Kf1 Bh4 50. Kg1 Bg3 51. Kf1 e2+ 52. Kg1 e1=Q# 0-1


[Site "https://www.chess.com"]

[Event "Titled Tuesday Blitz May 30 Late 2023"]
[White "Torres Hernandez, Leslie Carolin"]
[Black "deloewre"]
[WhiteFideId "8400504"]
[WhiteElo "1920"]
[BlackElo "2107"]
[Result "1-0"]
[Round "05"]
[TimeControl "180+2"]
[Date "2023.05.31"]
[WhiteClock "0:00:05"]
[BlackClock "0:00:05"]

1. e4 c6 2. Nf3 d5 3. exd5 cxd5 4. Ne5 Nc6 5. Bb5 Bd7 6. Nxd7 Qxd7 7. d4 e6 8. O-O a6 9. Be2 Bd6 10. c3 Nf6 11. Nd2 O-O 12. Nf3 Rac8 13. Re1 Bb8 14. Bg5 Ne4 15. Bh4 b5 16. a4 bxa4 17. Bxa6 Rc7 18. Bb5 Rb7 19. Qxa4 Rc8 20. Ba6 Ra7 21. Bxc8 Qxc8 22. Qc2 Rb7 23. Nd2 Nxd4 24. Qc1 Nxd2 25. Qxd2 Nb3 26. Qc2 Nxa1 27. Rxa1 h6 28. Bg3 Bxg3 29. hxg3 Rb8 30. Rb1 Qc4 31. b3 Qc5 32. Rc1 Qb5 33. Rb1 e5 34. Qd2 Kh7 35. b4 Qc4 36. Qe3 f6 37. Rd1 Rc8 38. Qf3 Qxc3 39. Qf5+ Kh8 40. Rxd5 Re8 41. b5 Qc1+ 42. Kh2 Qg5 43. Qd7 Ra8 44. b6 Qh5+ 45. Qh3 Qxh3+ 46. Kxh3 Rb8 47. Rd6 Kg8 48. Kg4 Kf7 49. Kf5 g6+ 50. Ke4 Ke7 51. Kd5 Rb7 52. Re6+ Kf7 53. Rc6 Ke7 54. Re6+ Kf7 55. Rd6 Rb8 56. Kc6 Ke7 57. Kc7 1-0


[Site "https://www.chess.com"]

[Event "Titled Tuesday Blitz May 30 Late 2023"]
[White "campochess"]
[Black "Kujawski, Adam"]
[BlackFideId "1100920"]
[WhiteElo "2087"]
[BlackElo "2054"]
[Result "0-1"]
[Round "05"]
[TimeControl "180+2"]
[Date "2023.05.31"]
[WhiteClock "0:00:03"]
[BlackClock "0:00:22"]

1. d4 Nf6 2. Bg5 c5 3. d5 Qb6 4. Nc3 Qxb2 5. Bd2 Qb6 6. e4 d6 7. f4 e5 8. fxe5 dxe5 9. Nf3 Bd6 10. Be2 O-O 11. Rb1 Qd8 12. O-O b6 13. Qe1 Nbd7 14. Qh4 Kh8 15. Nb5 Bb8 16. Bg5 a6 17. Nc3 b5 18. Nd2 Bd6 19. Nd1 Be7 20. Ne3 Nxd5 21. Bxe7 Qxe7 22. Qxe7 Nxe7 23. Nd5 Nxd5 24. exd5 Nf6 25. c4 bxc4 26. Nxc4 Nxd5 27. Nxe5 Be6 28. Bf3 Rab8 29. Rbc1 Rfc8 30. Nc4 Nb4 31. a3 Nd3 32. Rc3 Bxc4 33. Rxc4 Ne5 34. Ra4 Nxf3+ 35. Rxf3 c4 36. Rc3 g6 37. Raxc4 Rxc4 38. Rxc4 Rb6 39. Kf2 Kg7 40. a4 h5 41. h4 Rb2+ 42. Kg3 Ra2 43. Kf3 Ra3+ 44. Kf4 Rb3 45. Ke5 Rg3 46. Rc6 Rxg2 47. Rxa6 Rg4 48. a5 Rxh4 49. Rb6 Ra4 50. a6 h4 51. Kd5 h3 52. Rb3 Rxa6 53. Rxh3 Re6 54. Rh1 g5 55. Rh2 Kg6 56. Rh1 Re2 57. Kd4 f6 58. Kd3 Re5 59. Rh2 g4 60. Rh1 Kg5 61. Rf1 f5 62. Rh1 g3 63. Rh8 f4 64. Rg8+ Kf5 65. Rf8+ Kg4 66. Kd4 Re7 67. Kd3 g2 68. Kc4 Kg3 69. Rg8+ Kf2 70. Rf8 f3 0-1


[Site "https://www.chess.com"]

[Event "Titled Tuesday Blitz May 30 Late 2023"]
[White "Maluco_do_Natal_00"]
[Black "Smiechu"]
[WhiteElo "2072"]
[BlackElo "2346"]
[Result "0-1"]
[Round "05"]
[TimeControl "180+2"]
[Date "2023.05.31"]
[WhiteClock "0:00:01"]
[BlackClock "0:01:18"]

1. e4 c5 2. Nf3 g6 3. d4 cxd4 4. Nxd4 Nc6 5. Nc3 Bg7 6. Be3 Nf6 7. Bc4 O-O 8. Bb3 d6 9. f3 Bd7 10. Qd2 Rc8 11. O-O-O Nxd4 12. Bxd4 b5 13. g4 a5 14. a3 b4 15. axb4 axb4 16. Nd5 Nxd5 17. exd5 Bxd4 18. Qxd4 Qa5 19. h4 Ba4 20. Kd2 Bxb3 21. cxb3 Rc5 22. Ke3 e5 23. dxe6 Re5+ 24. Kf2 fxe6 25. Qxd6 Qa8 26. Rd3 Qa7+ 27. Kg3 Re3 28. Qd4 Rfxf3+ 29. Kg2 Rg3+ 30. Kh2 Rh3+ 31. Kg2 Reg3+ 32. Kf2 Qf7+ 33. Ke2 Rg2+ 34. Kd1 Rxh1+ 0-1


[Site "https://www.chess.com"]

[Event "Titled Tuesday Blitz May 30 Late 2023"]
[White "Stead, Kerry"]
[Black "Rose, Felix"]
[WhiteFideId "3202577"]
[BlackFideId "5105722"]
[WhiteElo "1997"]
[BlackElo "2039"]
[Result "0-1"]
[Round "05"]
[TimeControl "180+2"]
[Date "2023.05.31"]
[WhiteClock "0:01:04"]
[BlackClock "0:00:33"]

1. d4 d5 2. e4 e6 3. Be3 Nf6 4. e5 Nfd7 5. f4 h5 6. Nf3 b6 7. Bd3 Ba6 8. O-O g6 9. c3 Bxd3 10. Qxd3 c5 11. Nbd2 Nc6 12. Rad1 Be7 13. Rf2 Qc7 14. Nf1 a5 15. a3 c4 16. Qc2 a4 17. Bd2 b5 18. Ne3 h4 19. g4 hxg3 20. hxg3 O-O-O 21. Rh2 Rxh2 22. Kxh2 Rh8+ 23. Kg2 Qd8 24. Rh1 Rxh1 25. Kxh1 Qh8+ 26. Kg2 Qh5 27. Qd1 f5 28. Qh1 Qxh1+ 29. Kxh1 Nd8 30. g4 Nf7 31. g5 Kd8 32. Kg2 Nf8 33. Nc2 Kd7 34. Nh4 Nd8 35. Kf3 Nc6 36. Ke2 Na5 37. Be3 Nb3 38. Nf3 Kc6 39. Nh4 Kd7 40. Bf2 Ke8 41. Be3 Kf7 42. Bf2 Nd7 43. Be3 Nb6 44. Bf2 Nc1+ 45. Kf3 Nd3 46. Be3 Nxb2 47. Ke2 Nd3 48. Ne1 Nxe1 49. Kxe1 Bxa3 50. Kd1 Bb2 51. Kc2 a3 52. Bd2 Na4 53. Nf3 a2 0-1


[Site "https://www.chess.com"]

[Event "Titled Tuesday Blitz May 30 Late 2023"]
[White "Burke, Paul"]
[Black "Hoffmann, Asa"]
[WhiteFideId "2605767"]
[BlackFideId "2001470"]
[WhiteElo "1916"]
[BlackElo "2117"]
[Result "0-1"]
[Round "05"]
[TimeControl "180+2"]
[Date "2023.05.31"]
[WhiteClock "0:00:27"]
[BlackClock "0:01:25"]

1. e4 e5 2. Nf3 Nc6 3. Bc4 Nf6 4. d4 exd4 5. O-O Nxe4 6. Re1 d5 7. Bxd5 Qxd5 8. Nc3 Qa5 9. Nxe4 Be6 10. Neg5 O-O-O 11. Nxe6 fxe6 12. Bg5 Rd5 13. Bd2 Bb4 14. Bxb4 Qxb4 15. Rxe6 Qxb2 16. Re1 Rhd8 17. Qe2 Kb8 18. Reb1 Qc3 19. Qa6 b6 20. Qa4 Ra5 21. Qb3 Qxb3 22. cxb3 d3 23. Rd1 Rad5 24. Rac1 Ne5 25. Nxe5 Rxe5 26. Kf1 Re2 27. a4 c5 28. Rc3 Rf8 29. Rdxd3 Rfxf2+ 30. Kg1 Rxg2+ 31. Kf1 Ref2+ 32. Ke1 Rb2 0-1


[Site "https://www.chess.com"]

[Event "Titled Tuesday Blitz May 30 Late 2023"]
[White "Sanchez, Robert"]
[Black "Figorito, Nick"]
[WhiteFideId "2034360"]
[BlackFideId "30923689"]
[WhiteElo "1810"]
[BlackElo "2330"]
[Result "0-1"]
[Round "05"]
[TimeControl "180+2"]
[Date "2023.05.31"]
[WhiteClock "0:00:59"]
[BlackClock "0:00:16"]

1. Nf3 Nf6 2. d4 g6 3. c4 Bg7 4. h3 O-O 5. Nc3 d5 6. Bf4 c5 7. dxc5 Qa5 8. Bd2 dxc4 9. Ne4 Qc7 10. Nxf6+ Bxf6 11. Bh6 Rd8 12. Qc2 Bf5 13. e4 Be6 14. Bxc4 Qxc5 15. Rc1 Bxc4 16. Qxc4 Qxc4 17. Rxc4 Bxb2 18. Ke2 Nc6 19. Bd2 Ne5 20. Rb4 Nxf3 21. gxf3 Ba3 22. Rxb7 Rab8 23. Rhb1 Rxb7 24. Rxb7 Bc5 25. Be3 Bxe3 26. fxe3 Rc8 27. Rxa7 Rc2+ 28. Kd3 Rh2 29. a4 Rxh3 30. Rxe7 Rxf3 31. a5 Rf1 32. a6 Ra1 33. a7 Kg7 34. e5 h5 35. Kc2 h4 36. Kb2 Ra6 37. Kb3 h3 38. e6 h2 39. Rxf7+ Kg8 40. Rf1 Rxa7 41. Kc4 Rh7 42. Kd5 h1=Q+ 0-1


[Site "https://www.chess.com"]

[Event "Titled Tuesday Blitz May 30 Late 2023"]
[White "Silva Rosas, Natalia"]
[Black "Rodriguez Santiago, Jaime"]
[WhiteFideId "3000575"]
[BlackFideId "3100898"]
[WhiteElo "1651"]
[BlackElo "2025"]
[Result "1-0"]
[Round "05"]
[TimeControl "180+2"]
[Date "2023.05.31"]
[WhiteClock "0:00:02"]
[BlackClock "0:00:05"]

1. e4 c6 2. d3 d5 3. Nd2 dxe4 4. dxe4 e5 5. Ngf3 Bd6 6. g3 Bg4 7. h3 Bh5 8. Bg2 Nf6 9. O-O O-O 10. c3 Bc7 11. Re1 Qe7 12. Qe2 Nbd7 13. b4 a5 14. a3 b5 15. Nf1 Nb6 16. N1h2 Nc4 17. Bg5 h6 18. Bxf6 Qxf6 19. Ng4 Qe7 20. Nh4 Bb6 21. Nf5 Qa7 22. bxa5 Nxa5 23. Rf1 Bxg4 24. Qxg4 f6 25. Nxh6+ Kh7 26. Nf5 Rh8 27. Nh4 Kg8 28. Qe6+ Kh7 29. Qf5+ Kg8 30. Qe6+ Qf7 31. Qxf7+ Kxf7 32. Nf5 Nc4 33. h4 Rhd8 34. Rfd1 Rxd1+ 35. Rxd1 Rd8 36. Rxd8 Bxd8 37. Ne3 Be7 38. Nxc4 bxc4 39. a4 Ba3 40. Bf1 Bb2 41. Bxc4+ Ke7 42. a5 Bxc3 43. a6 Bd4 44. Kf1 Ba7 45. Ke2 Kd6 46. Kd3 Kc5 47. f4 Kb4 48. f5 Kc5 49. g4 Kd6 50. g5 Ke7 51. g6 Kd7 52. h5 Kc7 53. h6 gxh6 54. g7 h5 55. g8=Q h4 56. Qh7+ Kb6 57. Qxh4 Kc5 58. Qe1 1-0


[Site "https://www.chess.com"]

[Event "Titled Tuesday Blitz May 30 Late 2023"]
[White "Alexikov, Alexander"]
[Black "Kornyukov, Alexey"]
[WhiteFideId "14103958"]
[BlackFideId "4150457"]
[WhiteElo "2186"]
[BlackElo "2352"]
[Result "0-1"]
[Round "05"]
[TimeControl "180+2"]
[Date "2023.05.31"]
[WhiteClock "0:00:01"]
[BlackClock "0:00:17"]

1. e4 c5 2. Nf3 Nc6 3. d4 cxd4 4. Nxd4 Nf6 5. Nc3 e5 6. Ndb5 d6 7. Bg5 a6 8. Na3 b5 9. Nd5 Be7 10. Bxf6 Bxf6 11. c4 bxc4 12. Nxc4 O-O 13. Bd3 Be6 14. Nce3 Rb8 15. O-O Rxb2 16. Bxa6 Nd4 17. Bc4 Bg5 18. a4 Qa5 19. Qe1 Qc5 20. Rc1 Bxd5 21. exd5 f5 22. Kh1 f4 23. Bd3 Qa7 24. Nc4 Ra2 25. Nxd6 f3 26. Qxe5 fxg2+ 27. Kxg2 Bxc1 28. Rxc1 Raxf2+ 29. Kh1 Nf3 30. Qg3 Rxh2+ 31. Qxh2 Nxh2 32. Kxh2 Qf2+ 33. Kh1 Qf3+ 34. Kh2 Qf4+ 35. Kg2 Qxc1 36. Bf5 Qd2+ 37. Kg3 Qg5+ 0-1


[Site "https://www.chess.com"]

[Event "Titled Tuesday Blitz May 30 Late 2023"]
[White "Prieto Aranguren, Alain"]
[Black "mohsengabr2002"]
[WhiteFideId "2268906"]
[WhiteElo "2209"]
[BlackElo "2226"]
[Result "1-0"]
[Round "05"]
[TimeControl "180+2"]
[Date "2023.05.31"]
[WhiteClock "0:00:13"]
[BlackClock "0:00:16"]

1. e4 d6 2. f4 g6 3. Nf3 Bg7 4. Bc4 e6 5. Bb3 Ne7 6. O-O d5 7. e5 c5 8. c3 O-O 9. d4 Qb6 10. Na3 cxd4 11. Qxd4 Qd8 12. Nb5 Nbc6 13. Qf2 f6 14. exf6 Bxf6 15. Nbd4 Bd7 16. Re1 Qc8 17. Qe2 Nxd4 18. cxd4 Nc6 19. Be3 Qc7 20. Ne5 Nxe5 21. fxe5 Be7 22. Rac1 Qb6 23. Rf1 Bb5 24. Rxf8+ Rxf8 25. Qg4 a5 26. h4 Rf5 27. Bc2 Rxe5 28. Bxg6 Rxe3 29. Rc8+ Kg7 30. Be4+ Kf7 31. Qh5+ Kf6 32. Qh6+ Kf7 33. Qxh7+ Kf6 34. Qg6# 1-0


[Site "https://www.chess.com"]

[Event "Titled Tuesday Blitz May 30 Late 2023"]
[White "Ogreberbere"]
[Black "lluiss"]
[WhiteElo "2153"]
[BlackElo "2294"]
[Result "0-1"]
[Round "05"]
[TimeControl "180+2"]
[Date "2023.05.31"]
[WhiteClock "0:00:01"]
[BlackClock "0:00:31"]

1. d4 Nf6 2. c4 g6 3. Nc3 d5 4. cxd5 Nxd5 5. e4 Nxc3 6. bxc3 Bg7 7. Nf3 c5 8. Be3 Qa5 9. Qd2 O-O 10. Rc1 cxd4 11. cxd4 Qxd2+ 12. Kxd2 Nc6 13. d5 Rd8 14. Bd3 Nb4 15. Bc4 e6 16. Rhd1 exd5 17. Ke2 Be6 18. exd5 Nxd5 19. Bd4 Nf4+ 20. Kf1 Bxc4+ 21. Rxc4 Ne6 22. Ke2 b5 23. Rb4 a5 24. Rb3 Nxd4+ 25. Nxd4 Rxd4 26. Rxd4 Bxd4 27. Rxb5 Bf6 28. g3 Kg7 29. a4 h5 30. h4 Be7 31. Kf3 Bb4 32. Kf4 Rd8 33. Kf3 Rd2 34. Ke3 Ra2 35. f3 Rxa4 36. g4 Ra3+ 37. Ke4 hxg4 38. fxg4 Rh3 39. h5 gxh5 40. gxh5 Rh4+ 41. Kf3 Rh1 42. Kg2 Ra1 43. Kf3 Be7 44. Kg4 a4 45. Kf3 a3 46. Ra5 Bb4 47. Ra4 Rh1 48. Kg2 Rb1 0-1


[Site "https://www.chess.com"]

[Event "Titled Tuesday Blitz May 30 Late 2023"]
[White "Hartikainen, Jarmo"]
[Black "OPQRC"]
[WhiteFideId "503134"]
[WhiteElo "2102"]
[BlackElo "2556"]
[Result "0-1"]
[Round "05"]
[TimeControl "180+2"]
[Date "2023.05.31"]
[WhiteClock "0:00:01"]
[BlackClock "0:00:14"]

1. e4 c5 2. c3 Nf6 3. e5 Nd5 4. d4 cxd4 5. Nf3 d6 6. cxd4 dxe5 7. Nxe5 e6 8. Nc3 Be7 9. Bd3 Nd7 10. Nxd5 exd5 11. O-O O-O 12. Nxd7 Bxd7 13. Qh5 g6 14. Qxd5 Bc6 15. Qxd8 Raxd8 16. Be3 Bf6 17. d5 Bxd5 18. Bxa7 Bxg2 19. Kxg2 Rxd3 20. b4 Bxa1 21. Rxa1 Ra8 22. Bc5 Rda3 23. Re1 Rxa2 24. Re7 Rb8 25. Bd6 Rd8 26. Bc5 h5 27. Rxb7 Rc2 28. Re7 h4 29. Re4 g5 30. Rg4 Rd5 31. Be7 Rf5 32. Bxg5 Rcxf2+ 33. Kg1 Kf8 34. Bxh4 Rb2 35. Rc4 Rb5 36. Rc8+ Kg7 37. Rc4 R5xb4 38. Rxb4 Rxb4 39. Bg3 Kg6 40. Kg2 Ra4 41. Kf3 f5 42. Bf4 Ra3+ 43. Kf2 Kh5 44. Be5 Rb3 45. Bd6 Kg4 46. Kg2 f4 47. Be5 Ra3 48. Kf2 Ra2+ 49. Kf1 Kf3 50. Ke1 Rxh2 51. Bd6 Rh1+ 52. Kd2 Rh2+ 0-1


[Site "https://www.chess.com"]

[Event "Titled Tuesday Blitz May 30 Late 2023"]
[White "Schut, Han"]
[Black "Womacka, Mathias"]
[WhiteFideId "1005561"]
[BlackFideId "4611390"]
[WhiteElo "2024"]
[BlackElo "2377"]
[Result "0-1"]
[Round "05"]
[TimeControl "180+2"]
[Date "2023.05.31"]
[WhiteClock "0:00:09"]
[BlackClock "0:02:18"]

1. e4 c5 2. Nf3 d6 3. d4 cxd4 4. Nxd4 Nf6 5. f3 e6 6. c4 Be7 7. Nc3 O-O 8. Be3 Nbd7 9. Qd2 d5 10. cxd5 exd5 11. exd5 Nb6 12. Be2 Nfxd5 13. Nxd5 Nxd5 14. Nc2 Bf5 15. Bd4 Bxc2 16. Qxc2 Nb4 17. Qe4 Qxd4 18. Qxe7 0-1


[Site "https://www.chess.com"]